 Dungeon Crawl Stone Soup version 0.31.0-4-g52a2dc7128 (webtiles) character file.

Game seed: 11394224058010149659

114 BeingJoeMalik the Apothecary (level 4, 0/30 HPs)
             Began as a Demonspawn Alchemist on Jan 21, 2024.
             Was an Initiate of Sif Muna.
             Slain by an ice beast (5 damage)
             ... on level 3 of the Dungeon on Jan 22, 2024.
             The game lasted 00:07:50 (2483 turns).

BeingJoeMalik the Apothecary (Demonspawn Alchemist) Turns: 2483, Time: 00:07:51

Health: 0/30       AC:  2    Str: 14    XL:     4   Next: 67%
Magic:  4/7        EV: 12    Int: 18    God:    Sif Muna [......]
Gold:   100        SH:  0    Dex: 13    Spells: 1/7 levels left

rFire   . . .        (no weapon)
rCold   . . .        (no shield)
rNeg    . . .        a - +0 robe
rPois   .            (helmet currently unavailable)
rElec   .            (cloak currently unavailable)
rCorr   .            (gloves currently unavailable)
SInv    .            (boots currently unavailable)
Will    .....        (no amulet)
Stlth   ++           c - +6 ring of strength
HPRegen 0.25/turn    (no ring)
MPRegen 0.10/turn

%: no passive effects
@: beast-form
A: beast (slay +0), hooves 2, powered by death 1
a: Begin Untransformation, Renounce Religion


You were on level 3 of the Dungeon.
You worshipped Sif Muna.
Sif Muna was noncommittal.
You were a hulking beast.
You visited 1 branch of the dungeon, and saw 3 of its levels.

You collected 100 gold pieces.

Inventory:

Missiles
 m - 4 poisoned darts
Armour
 a - a +0 robe (worn)
 s - a +0 helmet
Jewellery
 c - a +6 ring of strength (left hand)
Talismans
 i - a beast talisman (active)
Scrolls
 d - 2 scrolls of identify
 e - a scroll of silence {unknown}
 f - a scroll of enchant armour {unknown}
 h - a scroll of teleportation {unknown}
 j - a scroll of butterflies {unknown}
 n - a scroll of fear {unknown}
 p - a scroll of amnesia {unknown}
 r - a scroll of fog {unknown}
 t - a scroll of acquirement {unknown}
Potions
 b - 2 potions of magic
 g - 3 potions of brilliance
 k - a potion of might {unknown}
 l - a potion of mutation {unknown}
 o - a potion of cancellation {unknown}
 q - a potion of ambrosia {unknown}
 u - a potion of haste {unknown}


   Skills:
 - Level 1.7 Dodging
 - Level 1.9 Stealth
 - Level 2.4 Spellcasting
 + Level 2.1 Conjurations
 * Level 1.6 Air Magic
 + Level 4.1 Alchemy


You had one spell level left.
You knew the following spells:

 Your Spells              Type           Power      Damage    Failure   Level
a - Sting                 Conj/Alch      52%        1d6       4%          1
b - Mercury Vapours       Alch/Air       24%        N/A       8%          2
c - Mephitic Cloud        Conj/Alch/Air  11%        N/A       17%         3

Your spell library contained the following spells:

 Spells                   Type           Power      Damage    Failure   Level
 Apportation              Tloc           4%         N/A       17%         1
 Jinxbite                 Hex            4%         N/A       26%         2
 Olgreb's Toxic Radiance  Alch           17%        N/A       30%         4
 Sticky Flame             Fire/Alch      9%         2d5       58%         4
 Alistair's Intoxication  Alch           11%        N/A       65%         5


Dungeon Overview and Level Annotations

Branches:
Dungeon (3/15)

Altars:
Fedhas
Nemelex Xobeh
Okawaru
Ru
Sif Muna
Vehumet
Wu Jian


Innate Abilities, Weirdness & Mutations

You are a hulking beast.
Your limbs bulge with bestial killing power. (Slay +0)
You have hoof-like feet.
You regenerate a little health from kills.


Message History

You kill the bat!
Sif Muna accepts your kill.
Unknown command.
Casting: Sting (safe; 4% risk of failure)
Confirm with . or Enter, or press ? or * to list all spells.
Aiming: Sting (safe; 4% risk of failure)
Press: ? - help, Shift-Dir - straight line, f - ice beast
Aim: an ice beast (wandering, hasn't noticed you, 71% to hit)
The sting misses the ice beast.
Unknown command.
Casting: Sting (safe; 4% risk of failure)
Confirm with . or Enter, or press ? or * to list all spells.
Aiming: Sting (safe; 4% risk of failure)
Press: ? - help, Shift-Dir - straight line, f/p - ice beast
Aim: an ice beast (71% to hit)
The sting hits the ice beast but does no damage.
The ice beast is poisoned.
The ice beast hits you. The ice beast freezes you!
Unknown command.
Casting: Sting (safe; 4% risk of failure)
Confirm with . or Enter, or press ? or * to list all spells.
Aiming: Sting (safe; 4% risk of failure)
Press: ? - help, Shift-Dir - straight line, f/p - ice beast
Aim: an ice beast (lightly wounded, poisoned, 71% to hit)
The sting hits the ice beast.
The ice beast partially resists.
The ice beast looks even sicker.
The ice beast is lightly wounded.
The ice beast hits you. The ice beast freezes you!
* * * LOW HITPOINT WARNING * * *
Casting: Sting (safe; 4% risk of failure)
Confirm with . or Enter, or press ? or * to list all spells.
Aiming: Sting (safe; 4% risk of failure)
Press: ? - help, Shift-Dir - straight line, f/p - ice beast
Aim: an ice beast (lightly wounded, very poisoned, 71% to hit)
Okay, then.
Unknown command.
As you read the scroll labelled XATUL WUG, it crumbles to dust.
It is a scroll of identify.
g - 3 potions of brilliance The ice beast hits you.
You die...

#.......# # #. #.......# #
### #.# #.......# # #.# #.#
#.......# # # #.# #.#
#.......# # ..# #.#
#####.###.......# #
#...##.####......##.......#
# #......##....#.##.......#
##
####.#.......#h.##...####
#. #.####....Y.....#.# #.
#.# #....###..##.# #####.
######.####....#
#..##.#####.....
.....†.........#
#...........####
...###.####....#
#.###.##.#..## ...# #.#
#....# #.# #.##....<###
...# #.# #..### #.#
#.....##)... ...# #.# ##.##
#.####..........


You could see an ice beast (very poisoned).

Vanquished Creatures
  An orc wizard (D:3)
  3 adders (D:3)
  4 dart slugs
  3 orcs (D:3)
  6 ball pythons
  4 endoplasms (D:1)
  3 giant cockroaches
  2 goblins
  4 hobgoblins
  4 jackals (D:3)
  2 quokkas (D:1)
  3 bats
  4 frilled lizards
  A kobold (D:1)
  5 rats
49 creatures vanquished.

Notes
Turn   | Place    | Note
-------+----------+-------------------------------------------
     0 | D:1      | BeingJoeMalik the Demonspawn Alchemist began the quest for
                  | the Orb.
     0 | D:1      | Reached XP level 1. HP: 13/13 MP: 3/3
   172 | D:1      | Gained mutation: You regenerate a little health from kills.
                  | [demonic ancestry]
   172 | D:1      | Reached XP level 2. HP: 19/19 MP: 1/5
   319 | D:1      | Learned a level 2 spell: Mercury Vapours
   647 | D:1      | Gained mutation: You have large cloven feet. [demonic
                  | ancestry]
   647 | D:1      | Reached XP level 3. HP: 24/24 MP: 4/6
  1718 | D:3      | Reached skill level 1 in Air Magic
  1788 | D:3      | Gained mutation: You have hoof-like feet. [demonic
                  | ancestry]
  1788 | D:3      | Reached XP level 4. HP: 30/30 MP: 3/7
  2029 | D:3      | Noticed an ice beast
  2136 | D:3      | Reached skill level 4 in Alchemy
  2145 | D:2      | Learned a level 3 spell: Mephitic Cloud
  2328 | D:3      | Found a shimmering blue altar of Sif Muna.
  2336 | D:3      | Found a radiant altar of Vehumet.
  2337 | D:3      | Found a blossoming altar of Fedhas.
  2337 | D:3      | Found an ornate altar of the Wu Jian Council.
  2337 | D:3      | Found a sacrificial altar of Ru.
  2340 | D:3      | Found a sparkling altar of Nemelex Xobeh.
  2342 | D:3      | Found an iron altar of Okawaru.
  2353 | D:3      | Became a worshipper of Sif Muna the Loreminder
  2483 | D:3      | Slain by an ice beast

Illustrated notes

Levels and vault maps discovered:
D:1:      onia_arrival_handbag, layout_rooms, patterned_corridor
D:2:      layout_basic, kennysheep_boxes
D:3:      layout_rooms, minitemple

Skill      XL: |  1  2  3  4 |
---------------+-------------+-----
Air Magic      | 1 |  1.6
Conjurations   | 2 |  2.1
Alchemy        | 4 |  4.1
Dodging        | |  1.7
Stealth        | |  1.9
Spellcasting   | |  2.4

Action                     |  1- 3 |  4- 6 || total
---------------------------+-------+-------++-------
  Melee: Unarmed           |    30 |     5 ||    35
         Kick              |     7 |       ||     7
   Cast: Sting             |    62 |    27 ||    89
         Mercury Vapours   |       |     1 ||     1
    Use: Scroll            |       |     1 ||     1
 Armour: Robe              |    25 |    17 ||    42
  Dodge: Dodged            |    21 |    10 ||    31
   Form: Beast             |     1 |       ||     1
